 Dungeon Crawl Stone Soup version 0.27-a0-1206-g6342a01c75 (webtiles) character file.

Game seed: 13507272118316493655

21 Ancestrald the Scratcher (level 2, -5/12 HPs)
             Began as a Felid Transmuter on June 5, 2021.
             Slain by a gnoll
             ... wielding a +0 club
              (6 damage)
             ... on level 1 of the Dungeon.
             The game lasted 00:02:17 (1002 turns).

Ancestrald the Scratcher (Felid Transmuter)         Turns: 1002, Time: 00:02:17

Health: -5/12      AC:  1    Str:  6    XL:     2   Next: 65%
Magic:  6/6        EV: 17    Int: 14    God:
Gold:   31         SH:  0    Dex: 16    Spells: 4/5 levels left
                                        Lives:  0   Deaths: 0

rFire    . . .     SeeInvis +     - Unarmed
rCold    . . .     Faith    .   (shield unavailable)
rNeg     . . .     Spirit   .   (armour unavailable)
rPois    .         Reflect  .   (helmet unavailable)
rElec    .         Harm     .   (cloak unavailable)
rCorr    .         Rampage  .   (gloves unavailable)
Will     .....                  (boots unavailable)
Stlth    +.........             (no amulet)
HPRegen  0.04/turn              (no ring)
MPRegen  0.10/turn              (no ring)

@: quick
A: very small, claws 1, fangs 3, see invisible, speed 1, shaggy fur 1, stealthy
paws, no weapons or thrown items, no armour, multi-lived
a: no special abilities


You were on level 1 of the Dungeon.
You visited 1 branch of the dungeon, and saw 1 of its levels.

You collected 31 gold pieces.

Inventory:

Hand Weapons
 a - a +0 short sword
Scrolls
 b - a scroll of immolation {unknown}
 c - a scroll of acquirement {unknown}


   Skills:
 + Level 1.0 Fighting
 + Level 3.1 Dodging
 * Level 3.5 Unarmed Combat
 + Level 2.1 Spellcasting
 * Level 2.4 Transmutations


You had 4 spell levels left.
You knew the following spells:

 Your Spells              Type           Power      Damage    Failure   Level
a - Beastly Appendage     Tmut           16%        N/A       9%          1

Your spell library contained the following spells:

 Spells                   Type           Power      Damage    Failure   Level
 Wereblood                Tmut           8%         N/A       13%         2
 Spider Form              Tmut/Pois      2%         N/A       38%         3
 Ice Form                 Ice/Tmut       4%         N/A       80%         4
 Hydra Form               Tmut           4%         N/A       93%         5


Dungeon Overview and Level Annotations

Branches:
Dungeon (1/15)

Altars:


Innate Abilities, Weirdness & Mutations

You have sharp claws.
You have razor-sharp teeth.
You have supernaturally acute eyesight. (SInv)
You cover ground quickly. (Speed+)
You are covered in fur. (AC +1)
Your paws help you pounce on unaware monsters.
You are incapable of wielding weapons or throwing items.
You cannot wear armour.
You gain extra lives every three experience levels.


Message History

The bat closely misses you. The ball python completely misses you.
The ball python grabs you. The ball python constricts you.
You scratch the ball python.
The ball python is severely wounded.
The bat barely misses you. The ball python barely misses you.
The ball python constricts you. The ball python barely misses you.
The ball python constricts you.
You are too injured to fight recklessly!
You are too injured to fight recklessly!
You are too injured to fight recklessly!
You are too injured to fight recklessly!
You are too injured to fight recklessly!
You are too injured to fight recklessly!
You are too injured to fight recklessly!
You are too injured to fight recklessly!
You are too injured to fight recklessly!
You are too injured to fight recklessly!
You are too injured to fight recklessly!
You are too injured to fight recklessly!
You are too injured to fight recklessly!
You are too injured to fight recklessly!
You scratch the ball python.
You kill the ball python!
The bat completely misses you. The bat hits you but does no damage.
There is a faded altar of an unknown god here.
You are too injured to fight recklessly!
The bat closely misses you. The bat closely misses you.
You closely miss the bat. You bite the bat.
You kill the bat!
You closely miss the gnoll. Your claw misses the gnoll.
You barely miss the gnoll. Your bite misses the gnoll.
The gnoll hits you with a +0 club.
* * * LOW HITPOINT WARNING * * *
You closely miss the gnoll. You bite the gnoll.
The gnoll is lightly wounded.
The gnoll hits you with a +0 club.
Ouch! That really hurt!
You die...

#.# ####..#########
###.# #.≈≈≈.......≈≈#
##.#.# #≈.≈≈.≈...≈.≈≈#
#....# ..≈≈≈≈≈≈≈≈≈≈≈≈#
##....
#..≈≈≈≈≈≈≈≈≈..#### #....
#.≈≈≈≈≈≈≈≈≈≈......##....
#.≈≈≈≈.≈.†≈≈..# #.##.#..
#≈.≈≈≈≈@g≈≈≈.≈# #.##.#..
#.≈≈≈≈.♣≈≈≈≈..# #.##.#..
#≈.≈≈≈≈≈≈≈≈≈..# #.##.#..
#.≈≈≈≈≈≈≈≈≈≈≈.# #.##.#..
#.≈≈≈≈≈≈≈≈≈≈..###.......
#..≈..≈...≈≈≈≈÷.........
#≈≈........≈....####..÷#
#########.......# #.)..
#.....### #....


You could see a gnoll.

Vanquished Creatures
  3 bats (D:1)
  2 endoplasms (D:1)
  A giant cockroach (D:1)
  3 hobgoblins (D:1)
  3 jackals (D:1)
  3 ball pythons (D:1)
  2 frilled lizards (D:1)
  A goblin (D:1)
  A kobold (D:1)
19 creatures vanquished.

Notes
Turn   | Place    | Note
-------+----------+-------------------------------------------
     0 | D:1      | Ancestrald the Felid Transmuter began the quest for the
                  | Orb.
     0 | D:1      | Reached XP level 1. HP: 9/9 MP: 4/4
   401 | D:1      | Reached XP level 2. HP: 8/12 MP: 6/6
   707 | D:1      | Found a faded altar of an unknown god.
  1002 | D:1      | Slain by a gnoll

Illustrated notes

Levels and vault maps discovered:
D:1:      lemuel_arrival_broad_hall, layout_loops_ring,
          chequers_ecumenical_altar_island, minmay_tetromino_s2

Skill      XL: |  1 |
---------------+----+-----
Dodging        | 3 |  3.1
Fighting       | |  1.0
Unarmed Combat | |  3.5
Spellcasting   | |  2.1
Transmutations | |  2.4

Action                   || total
-------------------------++-------
Melee: Unarmed           ||    61
       Punch             ||     1
       Bite              ||     2
  Use: Scroll            ||     1
Armor: Skin              ||     4
Dodge: Dodged            ||    64

Table legend: (Time is in decaauts)
 A = Elapsed time spent in this place.
 B = Non-inter-level travel time spent in this place.
 C = Inter-level travel time spent in this place.
 D = Time resting spent in this place.
 E = Time spent auto-exploring this place.
 F = Levels seen in this place.
 G = Mean time per level.
                   A        B        C        D        E       F      G
               +--------+--------+--------+--------+--------+-----+--------+
         Total |    942 |    942 |      0 |    258 |    552 |   1 |  942.0 |
       Dungeon |    942 |    942 |      0 |    258 |    552 |   1 |  942.0 |
               +--------+--------+--------+--------+--------+-----+--------+

Top non-repeatable levels by time:
     D:1: 942 daAuts
